cohdb
Replays
Latest Replays
All Replays
Popular Replays
Top Player Replays
Match Explorer
How It Works
Community
CoH3 Stats
Reddit
Sign in to upload your games and track your stats! →
Sign in with Steam
Match 42971067
Unlisted
Match 42971067
Overview
Messages
Build Orders
End
Construct Barracks
Engineer Squad
Riflemen Squad
Riflemen Squad
Grenade Package
Riflemen Squad
Construct Weapon Support Center
Construct Medical Station
Selects Heavy Weapons
Selects M2HB .50cal Heavy Machine Gun
M1919 Machine Gun Team
Air Support Center
Mechanized Support Center
M1919 Machine Gun Team
Designate Forward Repair Station
Construct Tank Depot
M4(105) Sherman Bulldozer
Improvised Armor
Selects Assault Carriers
Selects Halftrack Strongpoints
M18 Hellcat Tank Destroyer
Selects M26 Pershing Heavy Tank
M26 Pershing Heavy Tank
Rapid Repairs
Engineer Squad
Selects Rapid Reposition
M1919 Machine Gun Team
Nukepapa
stunta
JOSHPAZ89
pedestraim
0
0
Comments
sign in to comment!
No comments posted yet!